Map: Ruby Rock LE

Players

DnS - Winner!

  • Race: Protoss Protoss
  • Spawn Location: 5:00

Ricus

  • Race: Protoss Protoss
  • Spawn Location: 11:00

VOD

https://www.youtube.com/watch?v=wX6Bco8SO78

Description

Time

  • Played on: Dec. 29, 2025, 9:48 a.m.
  • Length: 7:04
Show
View Real Time Build Order
Export as new Build Order

DnS Protoss - Winner!

Build Orders: Phoenix Opening 

Get SALT Encoding   

  12  0:00  Probe  
  13  0:12  Probe  
  14  0:17  Pylon  
  14  0:24  Probe  
  15  0:32  Probe  
  15  0:37  Gateway  
  15  0:40  Probe  
  16  0:46  Assimilator  
  17  0:51  Probe  
  17  0:56  Assimilator  
  18  0:59  Probe  
  19  1:07  Probe  
  19  1:08  Gateway  
  19  1:17  Probe  
  20  1:24  Cybernetics Core  
  21  1:29  Probe  
  22  1:36  Pylon  
  22  1:41  Probe  
  23  1:54  Probe  
  24  1:58  Stalker  
  24  2:00  Sentry  
  28  2:01  Warp Gate  
  28  2:06  Probe  
  29  2:12  Pylon  
  29  2:19  Pylon  
  29  2:23  Sentry  
  31  2:36  Sentry  
  33  2:37  Phoenix  
  33  2:41  Nexus  
  33  2:44  Probe  
  34  2:52  Shield Battery  
  34  3:00  Robotics Facility  
  34  3:02  Probe  
  35  3:10  Probe  
  35  3:19  Probe, Pylon  
  36  3:24  Phoenix  
  37  3:31  Probe  
  38  3:35  Immortal  
  38  3:43  Probe, Twilight Council  
  43  3:53  Probe  
  43  3:55  Probe  
  45  4:03  Resonating Glaives  
  45  4:05  Probe  
  45  4:07  Immortal, Probe  
  51  4:18  Probe  
  51  4:19  Probe  
  53  4:28  Gateway x2  
  53  4:30  Probe  
  54  4:36  Gateway  
  54  4:41  Gateway  
  54  4:42  Warp Prism  
  54  4:45  Gateway  
  56  5:00  Adept x2  
  56  5:03  Pylon  
  60  5:08  Pylon  
  60  5:10  Pylon  
  60  5:18  Observer  
  61  5:24  Adept  
  61  5:25  Adept x3  
  69  5:47  Adept x6  
  69  5:48  Adept  
  83  5:51  Pylon  
  83  5:53  Pylon  
  83  6:14  Adept x6  
  83  6:15  Adept  
  87  6:37  Adept x7  
  77  6:57  Adept x5  
  77  6:58  Adept  
  89  7:01  Adept  
Show
View Real Time Build Order
Export as new Build Order

Ricus Protoss 

Build Orders: Phoenix Opening 

Get SALT Encoding   

  12  0:00  Probe  
  13  0:12  Probe  
  14  0:17  Pylon  
  14  0:24  Probe  
  15  0:32  Probe  
  15  0:36  Gateway  
  15  0:40  Probe  
  16  0:47  Assimilator  
  17  0:51  Probe  
  17  0:56  Assimilator  
  18  1:02  Probe  
  19  1:07  Gateway  
  19  1:10  Probe  
  19  1:18  Probe  
  20  1:24  Cybernetics Core  
  21  1:29  Probe  
  22  1:35  Pylon  
  22  1:41  Probe  
  23  1:53  Probe  
  24  1:57  Stalker  
  24  1:59  Sentry  
  28  2:05  Warp Gate  
  28  2:13  Pylon  
  28  2:27  Pylon  
  28  2:31  Phoenix, Sentry  
  30  2:39  Nexus  
  30  2:40  Sentry  
  30  2:43  Probe  
  33  2:51  Probe  
  33  2:52  Pylon  
  34  2:59  Probe  
  35  3:07  Probe, Robotics Facility  
  36  3:15  Probe  
  37  3:22  Shield Battery  
  37  3:25  Probe  
  37  3:26  Phoenix  
  38  3:37  Probe  
  39  3:45  Immortal  
  39  3:49  Probe  
  39  3:51  Probe  
  45  3:57  Stalker  
  45  4:00  Stalker  
  49  4:03  Probe  
  49  4:07  Probe  
  51  4:15  Probe  
  52  4:19  Probe  
  52  4:21  Pylon  
  52  4:23  Observer  
  53  4:27  Probe  
  55  4:32  Probe  
  55  4:36  Pylon  
  55  4:37  Stalker  
  58  4:39  Sentry  
  58  4:41  Immortal  
  58  4:42  Probe  
  65  4:57  Probe  
  66  5:03  Phoenix  
  66  5:07  Probe  
  66  5:09  Assimilator, Probe  
  66  5:10  Nexus, Pylon  
  68  5:15  Stalker x2  
  68  5:16  Immortal  
  76  5:34  Gateway x2  
  76  5:37  Gateway  
  76  5:41  Gateway  
  76  5:44  Pylon  
  76  5:51  Shield Battery  
  76  5:54  Shield Battery  
  76  5:57  Stalker  
  76  6:02  Pylon  
  78  6:06  Pylon  
  78  6:11  Immortal  
  81  6:19  Pylon  
  81  6:22  Pylon  
  81  6:23  Stalker  
  83  6:30  Stalker  
  83  6:31  Stalker  
  85  6:37  Stalker  
  71  6:43  Stalker x2  
  65  6:48  Zealot  
  65  6:53  Stalker  
  54  6:55  Sentry  
Tags
 
Add a new tag
Caveats
  • Supply blocks, unpowered buildings, or Contaminate may cause inaccurate times.
  • Supply counts are checked every 10 seconds.